 Dungeon Crawl Stone Soup version 0.30-a0-757-ga6a79fd877 (webtiles) character file.

Game seed: 10216837027943303442

658 AzureAlchemist the Skirmisher (level 7, -2/53 HPs)
             Began as a Demigod Hunter on Feb 9, 2023.
             Splashed by a jelly's acid (11 damage)
             ... on level 4 of the Dungeon.
             The game lasted 00:09:42 (2729 turns).

AzureAlchemist the Skirmisher (Demigod Hunter)      Turns: 2729, Time: 00:09:42

Health: -2/53      AC:  1    Str: 12    XL:     7   Next: 8%
Magic:  9/9        EV: 12    Int: 11    God:
Gold:   196        SH:  0    Dex: 25    Spells: 6/6 levels left

rFire   . . .      SeeInvis .    a - +0 shortbow
rCold   . . .      Faith    .    (shield currently unavailable)
rNeg    . . .      Spirit   .    q - +2 leather armour "Muin" {+Inv}
rPois   .          Reflect  .    (no helmet)
rElec   .          Harm     .    (no cloak)
rCorr   .          Rampage  .    (no gloves)
Will    .....                    (no boots)
Stlth   ++                       (no amulet)
HPRegen 0.28/turn                r - ring of wizardry
MPRegen 0.11/turn                (no ring)

@: corroded
A: high MP 1, forlorn, divine attributes
a: Evoke Invisibility


You were on level 4 of the Dungeon.
You visited 1 branch of the dungeon, and saw 4 of its levels.

You collected 196 gold pieces.

Inventory:

Hand Weapons
 a - a +0 shortbow (weapon)
Armour
 q - the +2 leather armour "Muin" (worn) {+Inv}
   (You found it on level 3 of the Dungeon)

   +Inv:      It lets you turn invisible.
Jewellery
 r - a ring of wizardry (left hand)
 s - a ring of ice
Scrolls
 b - a scroll of immolation
 h - a scroll of magic mapping
 m - a scroll of poison
 n - 2 scrolls of identify
Potions
 c - a potion of lignification {unknown}
 d - 3 potions of curing
 e - a potion of haste {unknown}
 f - a potion of degeneration {unknown}
 g - a potion of heal wounds {unknown}
 i - 3 potions of attraction {unknown}
 j - a potion of invisibility {unknown}
 l - a potion of magic {unknown}
 o - 3 potions of mutation {unknown}


   Skills:
 - Level 1.7 Fighting
 + Level 8.2 Ranged Weapons
 - Level 1.7 Dodging
 - Level 0.8 Stealth


You had 6 spell levels left.
You didn't know any spells.
Your spell library contained the following spells:

 Spells                   Type           Power      Damage    Failure   Level
 Ensorcelled Hibernation  Hex/Ice        0%         N/A       26%         2
 Spider Form              Tmut/Pois      0%         N/A       45%         3
 Anguish                  Hex/Necr       0%         N/A       85%         4


Dungeon Overview and Level Annotations

Branches:
Dungeon (4/15)
 Temple: D:4-7

Shops:
D:2 :=


Innate Abilities, Weirdness & Mutations

You have an increased reservoir of magic. (+10% MP)
You shall have no god before yourself.
Your divine heritage dramatically boosts your attributes as you level up.


Message History

A jelly comes into view.
The scorpion barely misses you.
You shoot an arrow.
The arrow hits the scorpion but does no damage.
The scorpion is heavily wounded.
You feel very sick. The scorpion stings you!
The jelly attacks as you move away! The jelly closely misses you.
The scorpion attacks as you move away! The scorpion stings you.
You are more poisoned.
The scorpion poisons you!
You feel very sick.
You feel very sick. The scorpion stings you.
You feel better. The jelly hits you but does no damage.
The scorpion stings you!
Fire: a) +0 shortbow
Press: ? - help, Q - select action, (/) - cycle Shift-Dir - straight line, f/p - scorpion
Aim: a scorpion (heavily wounded, 68% to hit)
You shoot an arrow. The arrow closely misses the scorpion.
The jelly jiggles.
The jelly hits you. The acid corrodes you!
You are splashed with acid.
* * * LOW HITPOINT WARNING * * *
The scorpion barely misses you.
Fire: a) +0 shortbow
Press: ? - help, Q - select action, (/) - cycle Shift-Dir - straight line, f/p - scorpion
Aim: a scorpion (heavily wounded, 68% to hit)
You shoot an arrow.
The arrow hits the scorpion but does no damage.
The scorpion is heavily wounded.
The scorpion closely misses you. The jelly barely misses you.
Fire: a) +0 shortbow
Press: ? - help, Q - select action, (/) - cycle Shift-Dir - straight line, f/p - scorpion
Aim: a scorpion (heavily wounded, 68% to hit)
You shoot an arrow. The arrow hits the scorpion.
The scorpion is heavily wounded.
The scorpion barely misses you. The jelly hits you.
* * * LOW HITPOINT WARNING * * *
You are splashed with acid!
You die...

,* *,,,,,.,,,,#,#.##†#.######.# #
,* *,,,.,,.,,...#....#.## ###.###
,* **,*#.##.*...........# #....##
,* *,**,...#######..#..###.####.
*****,****,....[..#.........##...
*,,,,,,,,,#..##.####.####....##
*,,,,*##..#.....####.##........
*,,,,........Js......##........
***,***###..#.##@>...............
,,,,,,,,*#.,#.*##########........
,,,,,**,#.,,.$* #........
,,,,,**,#,*###* #########
*******,,,* *****


You could see a scorpion and a jelly.

Vanquished Creatures
  A black bear (D:3)
  2 phantoms (D:4)
  A scorpion (D:4)
  A hound (D:4)
  Jessica (D:2)
  Natasha (thrice) (D:3)
  2 orc wizards (D:4)
  Robin (D:3)
  A gnoll (D:2)
  6 adders
  2 worms
  A dart slug (D:3)
  2 orcs (D:4)
  8 bats
  9 endoplasms
  3 giant cockroaches
  16 goblins
  6 hobgoblins
  10 jackals
  2 quokkas (D:2)
  9 ball pythons
  4 frilled lizards
  2 kobolds
  5 rats
98 creatures vanquished.

Notes
Turn   | Place    | Note
-------+----------+-------------------------------------------
     0 | D:1      | AzureAlchemist the Demigod Hunter began the quest for the
                  | Orb.
     0 | D:1      | Reached XP level 1. HP: 17/17 MP: 3/3
   114 | D:1      | Reached skill level 4 in Ranged Weapons
   216 | D:1      | Reached XP level 2. HP: 24/24 MP: 4/4
   724 | D:2      | Reached XP level 3. HP: 29/29 MP: 5/5
   754 | D:2      | Found Uvyt's Book Shop.
   855 | D:2      | Reached skill level 5 in Ranged Weapons
   945 | D:2      | Noticed Jessica
   946 | D:2      | Killed Jessica
   947 | D:2      | Reached XP level 4. HP: 36/36 MP: 6/6
  1224 | D:2      | Found Haifaupp's Jewellery Shop.
  1432 | D:3      | Noticed Robin
  1550 | D:3      | Killed Robin
  1673 | D:3      | Noticed Natasha
  1681 | D:3      | Killed Natasha
  1682 | D:3      | Reached skill level 6 in Ranged Weapons
  1682 | D:3      | Reached XP level 5. HP: 33/41 MP: 7/7
  1728 | D:3      | Identified the +2 leather armour "Muin" {+Inv}
  1839 | D:3      | Noticed a black bear
  1847 | D:3      | Killed a black bear
  1879 | D:3      | Noticed Natasha
  1889 | D:3      | Killed Natasha
  1946 | D:3      | Noticed Natasha
  1956 | D:3      | Killed Natasha
  1957 | D:3      | Reached XP level 6. HP: 44/48 MP: 8/8
  2113 | D:4      | Reached skill level 7 in Ranged Weapons
  2595 | D:4      | Reached skill level 8 in Ranged Weapons
  2597 | D:4      | Reached XP level 7. HP: 53/53 MP: 9/9
  2729 | D:4      | Splashed by a jelly's acid

Illustrated notes

Levels and vault maps discovered:
D:1:      dpeg_arrival_short_road, layout_loops_ring
D:2:      minmay_chambers_of_ones, layout_basic,
          nicolae_ecumenical_snake_handling, serial_shops, shop,
          nicolae_shop_trees, kennysheep_jessica_study
D:3:      layout_rooms, uniq_robin, uniq_natasha
D:4:      layout_basic

Skill      XL: |  1  2  3  4  5  6 |
---------------+-------------------+-----
Ranged Weapons | 4 5 6 8 |  8.2
Fighting       | |  1.7
Dodging        | |  1.7
Stealth        | |  0.8

Action                     |  1- 3 |  4- 6 |  7- 9 || total
---------------------------+-------+-------+-------++-------
   Fire: Shortbow          |    79 |   202 |    17 ||   298
    Use: Scroll            |       |     8 |       ||     8
         Potion            |       |       |     1 ||     1
 Armour: Leather armour    |    15 |    26 |     3 ||    44
  Dodge: Dodged            |    27 |    75 |    13 ||   115

Table legend: (Time is in decaauts)
 A = Elapsed time spent in this place.
 B = Non-inter-level travel time spent in this place.
 C = Inter-level travel time spent in this place.
 D = Time resting spent in this place.
 E = Time spent auto-exploring this place.
 F = Levels seen in this place.
 G = Mean time per level.
                   A        B        C        D        E       F      G
               +--------+--------+--------+--------+--------+-----+--------+
         Total |   2800 |   2698 |    102 |    182 |   1921 |   4 |  700.0 |
       Dungeon |   2800 |   2698 |    102 |    182 |   1921 |   4 |  700.0 |
               +--------+--------+--------+--------+--------+-----+--------+

Top non-repeatable levels by time:
     D:3: 760 daAuts
     D:2: 746 daAuts
     D:1: 652 daAuts
     D:4: 641 daAuts
